 Dungeon Crawl Stone Soup version 0.31.0-32-g396128a36d (webtiles) character file.

Game seed: 17995614943513402341

5 Dadi the Cudgeller (level 1, 0/18 HPs)
             Began as a Demonspawn Berserker on Mar 27, 2024.
             Was a Follower of Trog.
             Slain by a jackal (3 damage)
             ... on level 1 of the Dungeon.
             The game lasted 00:00:11 (106 turns).

Dadi the Cudgeller (Demonspawn Berserker)            Turns: 106, Time: 00:00:13

Health: 0/18       AC:  2    Str: 17    XL:     1   Next: 66%
Magic:  1/1        EV: 12    Int:  7    God:    Trog [*.....]
Gold:   10         SH:  0    Dex: 12    Spells: 0/0 levels left

rFire   . . .        a - +0 mace
rCold   . . .        (no shield)
rNeg    . . .        b - +0 animal skin
rPois   .            (no helmet)
rElec   .            (no cloak)
rCorr   .            (no gloves)
SInv    .            (no boots)
Will    .....        (no amulet)
Stlth   +            (no ring)
HPRegen 0.23/turn    (no ring)
MPRegen 0.07/turn

%: no passive effects
@: no status effects
A: no striking features
a: Renounce Religion, Berserk


You were on level 1 of the Dungeon.
You worshipped Trog.
Trog was aware of your devotion.
You visited 1 branch of the dungeon, and saw 1 of its levels.

You collected 10 gold pieces.

Inventory:

Hand Weapons
 a - a +0 mace (weapon)
Armour
 b - a +0 animal skin (worn)


   Skills:
 - Level 3.0 Fighting
 + Level 3.1 Maces & Flails
 - Level 1.7 Armour
 - Level 1.7 Dodging


You couldn't memorise any spells.
You didn't know any spells.
Your spell library was empty.

Dungeon Overview and Level Annotations

Branches:
Dungeon (1/15)

Altars:


Message History

Trog accepts your kill. The jackal closely misses you.
The jackal bites you but does no damage.
The jackal bites you.
You barely miss the jackal. The jackal bites you. The jackal barely misses you.
You closely miss the jackal. The jackal bites you.
The jackal bites you but does no damage.
The jackal closely misses you.
The jackal bites you but does no damage.
You closely miss the jackal. The jackal barely misses you.
The jackal completely misses you. The jackal bites you.
The jackal barely misses you.
You hit the jackal.
The jackal is severely wounded.
The jackal bites you. x2; The jackal closely misses you. x2
You are too injured to fight recklessly!
You are too injured to fight recklessly!
You are too injured to fight recklessly!
You are too injured to fight recklessly!
You are too injured to fight recklessly!
You are too injured to fight recklessly!
You are too injured to fight recklessly!
You are too injured to fight recklessly!
You are too injured to fight recklessly!
You are too injured to fight recklessly!
You are too injured to fight recklessly!
You are too injured to fight recklessly!
You barely miss the jackal.
The jackal is severely wounded.
The jackal bites you.
* * * LOW HITPOINT WARNING * * *
The jackal bites you.
* * * LOW HITPOINT WARNING * * *
You barely miss the jackal.
The jackal is severely wounded.
The jackal bites you.
* * * LOW HITPOINT WARNING * * *
The jackal bites you but does no damage.
The jackal barely misses you. The jackal bites you.
You die...

########### #
#.........# ..#
###.........#
#...######...........#
.##.............########
.........#......#####...
#...8h@.#..............
#..8.8h............#...
#.8._.8......†.....#...
#..8.8.......(.....##..
#...8......†###.....#..
#...................#..
###...............>....
#....................
#############.#.#####


You could see 2 jackals.

Vanquished Creatures
  A ball python (D:1)
  A bat (D:1)
  A hobgoblin (D:1)
  A jackal (D:1)
4 creatures vanquished.

Notes
Turn   | Place    | Note
-------+----------+-------------------------------------------
     0 | D:1      | Dadi the Demonspawn Berserker began the quest for the Orb.
     0 | D:1      | Reached XP level 1. HP: 18/18 MP: 1/1
    92 | D:1      | Found a faded altar of an unknown god.
   106 | D:1      | Slain by a jackal

Illustrated notes

Levels and vault maps discovered:
D:1:      psy_arrival_radial01, layout_basic,
          chequers_ecumenical_altar_simple_redux, kennysheep_small_spiral

Skill      XL: |  1 |
---------------+----+-----
Maces & Flails | 3 |  3.1
Fighting       | |  3.0
Armour         | |  1.7
Dodging        | |  1.7

Action                     || total
---------------------------++-------
  Melee: Mace              ||    23
 Armour: Animal skin       ||    27
  Dodge: Dodged            ||    25
